 Dungeon Crawl Stone Soup version 0.27-a0-668-gb5737ff2c0 (webtiles) character file.

Game seed: 13218829145662321734

128 theanonym the Sneak (level 4, -2/37 HPs)
             Began as a Mummy Delver on Mar 17, 2021.
             Was an Initiate of Gozag.
             Slain by a kobold
             ... wielding a +0 short sword
              (3 damage)
             ... on level 3 of the Dungeon.
             The game lasted 00:02:59 (1552 turns).

theanonym the Sneak (Mummy Delver)                  Turns: 1552, Time: 00:03:00

Health: -2/37      AC:  4    Str: 16    XL:     4   Next: 87%
Magic:  4/4        EV: 11    Int:  9    God:    Gozag
Gold:   27         SH:  0    Dex: 13    Spells: 3/3 levels left

rFire    x . .     SeeInvis .   a - +0 mace
rCold    + . .     Faith    .   (no shield)
rNeg     + + +     Spirit   .   b - +0 leather armour
rPois    ∞         Reflect  .   (no helmet)
rElec    .         Harm     .   e - +0 cloak
rCorr    .         Rampage  .   (no gloves)
Will     .....                  (no boots)
Stlth    ++........             (no amulet)
HPRegen  0.12/turn              (no ring)
MPRegen  0.09/turn              (no ring)

@: gold aura
A: cold resistance 1, negative energy resistance 3, torment resistance 2,
unbreathing 1, heat vulnerability 1, no potions
a: Renounce Religion, Potion Petition, Call Merchant, Bribe Branch


Innate Abilities, Weirdness & Mutations

You are immune to poison.
Your flesh is cold resistant. (rC+)
You are immune to negative energy. (rN+++)
You are immune to unholy pain and torment.
You can survive without breathing.
You are vulnerable to heat. (rF-)
You do not drink.


   Skills:
 + Level 4.0 Fighting
 * Level 3.5 Maces & Flails
 - Level 1.5 Dodging
 - Level 4.1 Stealth


You had 3 spell levels left.
You didn't know any spells.
Your spell library was empty.

Skill      XL: |  1  2  3  4 |
---------------+-------------+-----
Maces & Flails | 2 3 |  3.5
Fighting       | 4 |  4.0
Dodging        | |  1.5
Stealth        | |  4.1

Action                   |  1- 3 |  4- 6 || total
-------------------------+-------+-------++-------
Melee: Mace              |    40 |    36 ||    76
Evoke: Wand              |       |    13 ||    13
  Use: Scroll            |       |     2 ||     2
Armor: Leather armour    |     9 |    16 ||    25
Dodge: Dodged            |    33 |    42 ||    75

Inventory:

Hand Weapons
 a - a +0 mace (weapon)
Armour
 b - a +0 leather armour (worn)
 e - a +0 cloak (worn)
Wands
 c - a wand of digging (3)
 d - a wand of random effects (22)
 w - a wand of flame (3)
Scrolls
 f - a scroll of fog
 y - a scroll of magic mapping


You were on level 3 of the Dungeon.
You worshipped Gozag.
Gozag was noncommittal.
You visited 2 branches of the dungeon, and saw 4 of its levels.

You collected 48 gold pieces.
You paid 21 gold pieces to Gozag.

Dungeon Overview and Level Annotations

Branches:
Dungeon (5/15)             Temple (1/1) D:5

Altars:
Cheibriados
Dithmenos
Elyvilon
Fedhas
Gozag
Hepliaklqana
Kikubaaqudgha
Nemelex Xobeh
Okawaru
Qazlal
Ru
Sif Muna
Trog
Uskayaw
Vehumet
Wu Jian
Xom
Yredelemnul
Zin
The Shining One

Annotations:
D:4 Eustachio

#.#............
.......K###....
#.......# .... .
#.......# .. ..
#.......# ... ..#
#.......###.... ...#
......(.............
.........#####....#
.........K@$...#
.........$######
.#.######.# #. #.# #
#.# #.. #.. ....


You could see a kobold.

Notes
Turn   | Place    | Note
-------+----------+-------------------------------------------
     0 | D:5      | theanonym the Mummy Delver began the quest for the Orb.
     0 | D:5      | Reached XP level 1. HP: 18/18 MP: 1/1
    57 | D:5      | Noticed a hound
    63 | D:5      | HP: 8/18 [hound (4)]
    69 | D:5      | Killed a hound
    70 | D:5      | Reached skill level 2 in Maces & Flails
    70 | D:5      | Reached XP level 2. HP: 11/24 MP: 2/2
    70 | D:5      | Reached XP level 3. HP: 13/29 MP: 3/3
   260 | D:5      | Noticed an ogre
   310 | D:4      | HP: 14/29 [adder (1)]
   314 | D:4      | HP: 6/29 [adder (5)]
   635 | D:4      | Reached skill level 3 in Maces & Flails
   635 | D:4      | Reached XP level 4. HP: 21/37 MP: 4/4
   764 | D:4      | Noticed Eustachio
   819 | D:5      | HP: 18/37 [adder (2)]
  1030 | D:5      | Found a staircase to the Ecumenical Temple.
  1031 | D:5      | Noticed an ogre
  1039 | Temple   | Entered the Ecumenical Temple
  1264 | Temple   | Became a worshipper of Gozag Ym Sagoz the Greedy
  1318 | D:4      | HP: 18/37 [leopard gecko (5)]
  1531 | D:3      | HP: 17/37 [hound (6)]
  1537 | D:3      | HP: 11/37 [hound (2)]
  1544 | D:3      | Reached skill level 4 in Fighting
  1544 | D:3      | HP: 7/37 [frilled lizard (1)]
  1551 | D:3      | HP: 1/37 [kobold/+0 short sword (7)]
  1552 | D:3      | Slain by a kobold

Vanquished Creatures
  2 hounds
  A worker ant (D:4)
  3 adders
  A worm (D:4)
  2 leopard geckos (D:4)
  A hobgoblin (D:3)
  2 jackals (D:4)
  A frilled lizard (D:3)
  A kobold (D:3)
  2 rats (D:3)
16 creatures vanquished.

Vanquished Creatures (others)
  3 plants (D:4)
3 creatures vanquished.

Grand Total: 19 creatures vanquished

Table legend: (Time is in decaauts)
 A = Elapsed time spent in this place.
 B = Non-inter-level travel time spent in this place.
 C = Inter-level travel time spent in this place.
 D = Time resting spent in this place.
 E = Time spent auto-exploring this place.
 F = Levels seen in this place.
 G = Mean time per level.
                   A        B        C        D        E       F      G
               +--------+--------+--------+--------+--------+-----+--------+
         Total |   1573 |   1529 |     44 |    895 |    261 |   4 |  393.2 |
       Dungeon |   1336 |   1318 |     18 |    839 |    113 |   3 |  445.3 |
        Temple |    236 |    210 |     26 |     56 |    148 |   1 |  236.0 |
               +--------+--------+--------+--------+--------+-----+--------+

Top non-repeatable levels by time:
     D:4: 750 daAuts
     D:5: 553 daAuts
  Temple: 236 daAuts
     D:3: 32 daAuts
